 Dungeon Crawl Stone Soup version 0.18-a0-918-g58938db (webtiles) character file.

544 Morbidden the Destroyer (level 7, -1/50 HPs)
             Began as a Grey Draconian Conjurer on Dec 27, 2015.
             Slain by Poody's ghost (11 damage)
             ... on level 4 of the Dungeon.
             The game lasted 00:30:18 (4523 turns).

Morbidden the Destroyer (Grey Draconian Conjurer)   Turns: 4523, Time: 00:30:18

Health: -1/50      AC: 14    Str: 10    XL:     7   Next: 6%
Magic:  6/11       EV: 12    Int: 17    God:
Gold:   146        SH:  0    Dex: 12    Spells: 2 memorised, 7 levels left

rFire  + . .     SeeInvis .     i - +2 war axe (chop)
rCold  . . .     Gourm    .     (armour unavailable)
rNeg   . . .     Faith    .     (no shield)
rPois  .         Spirit   .     q - +1 hat
rElec  .         Dismiss  .     m - +0 cloak
rCorr  .         Reflect  .     (no gloves)
SustAt .         Harm     .     l - +0 pair of boots
MR     .....                    (no amulet)
Stlth  ++........               k - ring of protection from fire
                                f - ring of wizardry

@: about to teleport, not resistant to hostile enchantments, unstealthy
A: walk through water, unfitting armour, unbreathing, cold-blooded, AC +11
a: no special abilities


You were on level 4 of the Dungeon.
You were not hungry.

You visited 1 branch of the dungeon, and saw 4 of its levels.
You also visited: Ossuary.

You collected 146 gold pieces.

Inventory:

Hand Weapons
 i - a +2 war axe of chopping (weapon)
Armour
 l - a +0 pair of boots (worn)
 m - a +0 cloak (worn)
 q - a +1 hat (worn)
Jewellery
 f - a ring of wizardry (left hand)
 k - a ring of protection from fire (right hand)
 p - a +2 ring of evasion
Wands
 t - a wand of flame (2/48)
Scrolls
 c - 3 scrolls of identify
 d - a scroll of enchant armour
 e - 2 scrolls of remove curse
 n - a scroll of recharging
 o - a scroll of blinking {unknown}
Potions
 g - a potion of mutation
 r - 2 potions of cancellation
Books
 a - a book of Conjurations

   Spells                             Type                      Level
   a - Magic Dart                     Conjuration                  1
   b - Searing Ray                    Conjuration                  2
   c - Dazzling Spray                 Conjuration/Hexes            3
   d - Fulminant Prism                Conjuration/Hexes            4
   e - Iskenderun's Mystic Blast      Conjuration                  4
   f - Iskenderun's Battlesphere      Conjuration/Charms           5
Comestibles
 b - 3 bread rations
 j - 3 fruits
 s - a chunk of flesh


   Skills:
 - Level 1.7 Dodging
 - Level 1.7 Stealth
 + Level 3.1 Spellcasting
 + Level 8.1 Conjurations


You had 7 spell levels left.
You knew the following spells:

 Your Spells              Type           Power        Failure   Level  Hunger
a - Magic Dart            Conj           ####         1%          1    None
b - Iskenderun's Mystic   Conj           ####....     4%          4    ####...


Dungeon Overview and Level Annotations

Branches:
Dungeon (4/15)
 Temple: D:4-7

Altars:

Annotations:
D:4 Poody's ghost, amateur CeHu


Innate Abilities, Weirdness & Mutations

You can walk through water.
Your dull iron-grey scales are very hard (AC +11).
Your body does not fit into most forms of armour.
You can survive without breathing.
You are cold-blooded and may be slowed by cold attacks.


Message History

Poody's ghost (amateur Centaur Hunter) comes into view.
Poody's ghost turns its malevolent gaze towards you.
Poody's ghost moves out of view.
Poody's ghost closely misses you.
There is an open door here.
You slash Poody's ghost!
Poody's ghost is moderately damaged.
Poody's ghost hits you!
Unknown command.
You barely miss Poody's ghost.
Poody's ghost is moderately damaged.
Poody's ghost hits you!
* * * LOW HITPOINT WARNING * * *
Poody's ghost hits you but does no damage.
Unknown command.
Unknown command.
Read which item? (? for menu, Esc to quit)
As you read the scroll of teleportation, it crumbles to dust.
You feel strangely unstable. Poody's ghost hits you!
You die...

###########
..........################..
.........................'..
#.#...###.######.#########..
...#.####..# #.#
...........# #W#
...........#####@#########
..#......))##............#
.....#####.##............#
###### #..#............#
##.#.........)..#
#.#............#
#.#............#
#.#............#
##.?............#


You could see Poody's ghost.

Vanquished Creatures
  Edmund (D:4)
  2 water moccasin zombies (Ossuary)
  A hound (D:4)
  Jessica (D:2)
  An iguana (D:4)
  A big kobold zombie (Ossuary)
  4 gnolls
  5 adders
  A shadow imp (D:4)
  5 adder zombies (Ossuary)
  A giant gecko (D:3)
  5 orcs
  8 bats
  5 giant cockroaches
  10 goblins
  11 hobgoblins
  4 jackals
  A ball python skeleton (D:4)
  2 giant gecko skeletons (D:4)
  3 giant newts
  3 gnoll zombies (Ossuary)
  5 hobgoblin zombies (Ossuary)
  6 kobolds
  8 kobold zombies (Ossuary)
  4 orc zombies (Ossuary)
  3 quokkas
  8 rats
109 creatures vanquished.

Vanquished Creatures (others)
  A kobold zombie (Ossuary)
1 creature vanquished.

Grand Total: 110 creatures vanquished

Notes
Turn   | Place    | Note
--------------------------------------------------------------
     0 | D:1      | Morbidden the Draconian Conjurer began the quest for the Orb.
     0 | D:1      | Reached XP level 1. HP: 14/14 MP: 3/3
   254 | D:1      | You fall through a shaft!
   427 | D:1      | Reached XP level 2. HP: 12/20 MP: 1/5
  1440 | D:2      | Noticed Jessica
  1450 | D:2      | Killed Jessica
  1450 | D:2      | Reached skill level 5 in Conjurations
  1450 | D:2      | Reached XP level 3. HP: 22/26 MP: 1/6
  1709 | D:2      | Reached XP level 4. HP: 26/33 MP: 5/7
  2230 | D:2      | Learned a level 4 spell: Iskenderun's Mystic Blast
  2312 | D:2      | Reached skill level 6 in Conjurations
  2685 | D:2      | Reached XP level 5. HP: 38/38 MP: 3/8
  3188 | D:3      | Noticed a centaur
  3630 | D:4      | Found a sand-covered staircase.
  3663 | Ossuary  | Entered an ossuary
  3797 | Ossuary  | Reached skill level 7 in Conjurations
  3797 | Ossuary  | Reached XP level 6. HP: 21/45 MP: 8/10
  4193 | D:4      | Noticed Edmund
  4481 | D:4      | Killed Edmund
  4481 | D:4      | Reached skill level 8 in Conjurations
  4481 | D:4      | Your scales start taking on a dull iron-grey colour.
  4481 | D:4      | Gained mutation: You can survive without breathing. [Grey Draconian growth]
  4481 | D:4      | Reached XP level 7. HP: 20/50 MP: 1/11
  4509 | D:4      | Noticed Poody's ghost (amateur CeHu)
  4523 | D:4      | Slain by Poody's ghost

Vault maps used:
D:1:      dpeg_arrival_rooms_a
D:2:      wad_pebble_path, minmay_goblin_outpost, uniq_jessica
D:3:      hangedman_decor_lopped
D:4:      nicolae_ossuary_entry_ruins, first_bread, uniq_edmund
Ossuary:  ossuary_tomb_2

Action                   |  1- 3 |  4- 6 |  7- 9 || total
-------------------------+-------+-------+-------++-------
Melee: Unarmed           |    96 |       |       ||    96
       Rapier            |     4 |     8 |       ||    12
       Halberd           |       |     6 |       ||     6
       War axe           |       |    99 |     3 ||   102
 Cast: Magic Dart        |    68 |   109 |       ||   177
       Iskenderun's Myst |       |    10 |       ||    10
Evoke: Wand              |       |     5 |       ||     5
  Use: Potion            |     1 |       |       ||     1
       Scroll            |       |    12 |     1 ||    13
  Eat: Chunk             |     4 |     9 |       ||    13
       Bread ration      |       |     1 |       ||     1
